AoeStats
← Sheila do Almoxarifado

Arena

510269379Analyzed
1v1 RM · 1d ago on Sep 30, 2026· 33m 58s· 2 players
Game mode
Random Map
Map size
Tiny (2 player)
Population
200
Speed
Normal
Resources
Standard
Victory
Conquest
Starting age
Dark Age
Ending age
Imperial Age
RankedLock teamsTeams togetherTeam positionsShared explorationLock speedFull tech treeHidden civsTurbo modeCheats
Victory
Defeat
🇺🇸 Celts · United States
1467
+19
1530
-19
Arthuche
10:37 Feudal Age
14:12 Castle Age
12:32 Double-Bit Axe
13:16 Horse Collar
15:26 Bow Saw
17:05 Loom
17:55 Wheelbarrow
23:05 Heavy Plow
24:30 Hand Cart
26:03 Scale Mail Armor
26:35 Town Watch
28:13 Chain Mail Armor
29:51 Forging
33:01 Imperial Age
31:33 Stronghold
32:32 Iron Casting
32:30 Stronghold
34:11 Conscription
34:27 Plate Mail Armor
34:58 Blast Furnace
Sheila do Almoxarifado
11:49 Feudal Age
15:30 Castle Age
14:08 Double-Bit Axe
14:04 Horse Collar
26:08 Squires
26:20 Forging
26:44 Scale Mail Armor
27:31 Wheelbarrow
27:54 Iron Casting
28:12 Chain Mail Armor
Connection lost

Rejoining the realm…

Still unreachable

The connection could not be restored.

Session expired

The server has moved on; the page needs a fresh start.